 Dungeon Crawl Stone Soup version 0.25-a0-614-g73ad250637 (webtiles) character file.

Game seed: 10028491890320349654, levelgen mode: deterministic

1452 kae the Martial Artist (level 8, -19/65 HPs)
             Began as a Demonspawn Monk on Mar 17, 2020.
             Demolished by an orc knight
             ... wielding a +0 trident
              (42 damage)
             ... in a bailey.
             The game lasted 00:06:50 (6363 turns).

kae the Martial Artist (Demonspawn Monk)            Turns: 6363, Time: 00:06:51

Health: -19/65     AC:  7    Str: 14    XL:     8   Next: 47%
Magic:  8/8        EV: 13    Int: 11    God:
Gold:   347        SH:  0    Dex: 16    Spells: 7/7 levels left

rFire    + . .     SeeInvis .     - Unarmed
rCold    + . .     Gourm    .   (no shield)
rNeg     . . .     Faith    .   o - +2 steam dragon scales
rPois    .         Spirit   .   (helmet restricted)
rElec    .         Reflect  .   (no cloak)
rCorr    .         Harm     .   (no gloves)
MR       .....                  (no boots)
Stlth    ++........             (no amulet)
HPRegen  0.20/turn              d - ring of protection from cold
MPRegen  0.11/turn              p - ring of protection from fire

@: no status effects
A: claws 1, hooves 2, horns 1, demonic guardian 1, spiny 1
a: no special abilities


You were in a bailey.
You were hungry.

You visited 1 branch of the dungeon, and saw 7 of its levels.
You also visited: Sewer and Bailey.

You collected 347 gold pieces.

Inventory:

Armour
 a - a +0 robe
 o - +2 steam dragon scales (worn)
Jewellery
 d - a ring of protection from cold (left claw)
 l - an uncursed ring of fire
 p - a ring of protection from fire (right claw)
Wands
 r - a wand of disintegration (12)
Scrolls
 f - 2 scrolls of teleportation
 g - 4 scrolls of remove curse
 h - a scroll of blinking
 q - a scroll of amnesia
Potions
 c - a potion of berserk rage
 e - a potion of might
 i - 2 potions of brilliance
 j - a potion of haste
 k - 4 potions of curing {unknown}
 m - 3 potions of heal wounds {unknown}
 n - a potion of ambrosia
 s - 2 potions of cancellation {unknown}
Comestibles
 b - 16 rations


   Skills:
 + Level 6.7 Fighting
 - Level 2.6 Dodging
 - Level 1.7 Stealth
 * Level 8.4 Unarmed Combat


You had 7 spell levels left.
You didn't know any spells.
Your spell library contained the following spells:

 Spells                   Type           Power        Failure   Level  Hunger
 Magic Dart               Conj           #...         34%         1    ##.....
 Blink                    Tloc           N/A          47%         2    ###....
 Call Imp                 Summ           #.......     47%         2    ###....
 Slow                     Hex            #.......     47%         2    ###....
 Confusing Touch          Hex            #.......     71%         3    ####...
 Conjure Flame            Conj/Fire      #.......     71%         3    ####...
 Gell's Gravitas          Tloc           #.........   71%         3    ####...
 Mephitic Cloud           Conj/Pois/Air  #.......     71%         3    ####...
 Petrify                  Tmut/Erth      #.......     98%         4    #####..
 Metabolic Englaciation   Hex/Ice        #.........   100%        5    ######.
 Yara's Violent Unravell  Hex/Tmut       #.........   100%        5    ######.


Dungeon Overview and Level Annotations

Branches:
Dungeon (7/15)              Sewer (visited)          Bailey (1/1)
 Temple: D:4-7

Altars:
Nemelex Xobeh
Okawaru
Ru
Trog
Xom
Yredelemnul
The Shining One

Annotations:
D:6 1 runed translucent door, 1 exclusion, Crazy Yiuf


Innate Abilities, Weirdness & Mutations

You have sharp fingernails.
You have hoof-like feet.
You have a pair of small horns on your head.
A weak demonic guardian rushes to your aid.
You are partially covered in sharp spines.


Message History

You start putting on your armour.
You continue putting on your glowing steam dragon scales. x4
You finish putting on your +2 steam dragon scales.
Okay, then.
You open the door.
Your white imp gestures at the orc warrior.
The puff of frost hits the orc warrior!
The orc knight roars a battlecry!
There is an open door here.
The orc warrior hits you but does no damage.
The orc knight is engulfed in a cloud of scalding steam.
The orc knight barely misses you.
The orc knight hits you from afar with a +0 trident!!
The orc warrior hits you from afar with a +0 halberd!
The orc warrior barely misses you.
The orc knight is engulfed in a cloud of scalding steam.
The orc knight hits you but does no damage.
The orc knight hits you from afar with a +0 trident!!!
Ouch! That really hurt!
You die...

#∩#### ##.........##
##∩..#######..≈≈≈≈≈≈≈..##
####...##...≈≈.....≈≈..##
########.##..≈..###..≈≈..#######
#.........##...##.##..≈≈........
#.≈≈≈≈≈≈≈#######.)[##..≈≈≈≈≈≈≈≈≈
#.≈..##### #.....##....))....
#.≈.#############'#############.
#.≈)##.$$$.##..@.§5§..##.....##.
#.≈..## #..≈≈≈§≈≈≈..##...##..
#.≈≈..## #..§≈oooo§≈≈..'#.##..≈
#∩.≈≈..# #..≈≈...⌠...≈≈..#'#..≈≈
##.≈≈..# #..≈§..⌠∩⌠..§≈..#'#..≈≈
#.≈≈..## ##..≈§.§...§≈..##.##.)≈
#.≈..## ##..§≈≈≈≈≈§..##...##.)
#.≈.## +#......§..##.....##.
#.≈.#############+###'#########.


You could see 2 orc knights, 2 orc warriors and a friendly white imp.

Vanquished Creatures
  Sigmund (D:2)
  An eye of draining (D:5)
  2 ogres
  4 centaurs
  2 bullfrogs (D:6)
  A scorpion (D:4)
  A crimson imp (D:5)
  A jelly (D:5)
  A hound (D:5)
  An orc priest (D:5)
  2 iguanas
  A bullfrog skeleton (D:6)
  4 worker ants
  A hound skeleton (D:6)
  A howler monkey zombie (D:5)
  6 adders
  A gnoll (D:5)
  An ooze (D:4)
  2 adder zombies
  3 worms
  2 dart slugs
  2 leopard geckos
  26 orcs
  6 giant cockroaches
  20 goblins
  9 hobgoblins
  18 jackals
  19 kobolds
  3 quokkas
  A ball python (Sewer)
  5 bats
  11 frilled lizards
  A quokka skeleton (D:6)
  9 rats
169 creatures vanquished.

Notes
Turn   | Place    | Note
-------+----------+-------------------------------------------
     0 | D:1      | kae the Demonspawn Monk began the quest for the Orb.
     0 | D:1      | Reached XP level 1. HP: 18/18 MP: 1/1
    48 | D:1      | Reached skill level 3 in Unarmed Combat
   243 | D:1      | Gained mutation: You have large cloven feet. [demonic
                  | ancestry]
   243 | D:1      | Reached XP level 2. HP: 19/24 MP: 2/2
   914 | D:1      | Found a shimmering altar of Xom.
  1161 | D:2      | Gained mutation: You are partially covered in sharp spines.
                  | [demonic ancestry]
  1161 | D:2      | Reached XP level 3. HP: 18/29 MP: 3/3
  1311 | D:2      | Found a bloodstained altar of Trog.
  1583 | D:2      | Found a basalt altar of Yredelemnul.
  1585 | D:2      | Noticed a profane servitor
  1601 | D:2      | Noticed Sigmund
  1606 | D:2      | Reached skill level 4 in Unarmed Combat
  1614 | D:2      | Reached XP level 4. HP: 36/37 MP: 4/4
  1698 | D:3      | Found a glowing drain.
  1704 | Sewer    | Entered a sewer
  2496 | D:2      | Killed Sigmund
  2496 | D:2      | Reached skill level 5 in Unarmed Combat
  2496 | D:2      | Gained mutation: You have hoof-like feet. [demonic
                  | ancestry]
  2496 | D:2      | Reached XP level 5. HP: 13/43 MP: 5/5
  2768 | D:2      | Found a glowing golden altar of the Shining One.
  2873 | D:2      | Gained mutation: You have sharp fingernails. [demonic
                  | ancestry]
  2873 | D:2      | Reached XP level 6. HP: 49/49 MP: 6/6
  2926 | D:2      | Noticed an angel
  3237 | D:3      | Found a sacrificial altar of Ru.
  3586 | D:4      | Reached skill level 5 in Fighting
  3586 | D:4      | Reached skill level 6 in Unarmed Combat
  3742 | D:4      | Gained mutation: You have a pair of small horns on your
                  | head. [demonic ancestry]
  3742 | D:4      | Reached XP level 7. HP: 53/56 MP: 7/7
  3934 | D:5      | Entered Level 5 of the Dungeon
  4283 | D:5      | Reached skill level 7 in Unarmed Combat
  4289 | D:5      | Found a bloodstained altar of Trog.
  4551 | D:6      | Gained mutation: A weak demonic guardian rushes to your
                  | aid. [demonic ancestry]
  4551 | D:6      | Reached XP level 8. HP: 54/64 MP: 8/8
  4898 | D:6      | Found an iron altar of Okawaru.
  5143 | D:6      | Found a runed translucent door.
  5144 | D:6      | Noticed Crazy Yiuf
  5236 | D:6      | Reached skill level 8 in Unarmed Combat
  5341 | D:7      | Noticed a red ugly thing
  5353 | D:7      | Found a sparkling altar of Nemelex Xobeh.
  5620 | D:7      | Found a flagged portal.
  5628 | D:7      | HP: 3/65 [goblin/+0 spear (2)]
  5632 | Bailey   | Entered a bailey
  6041 | Bailey   | Noticed an orc knight
  6042 | Bailey   | Noticed an orc knight
  6363 | Bailey   | Demolished by an orc knight

Levels and vault maps discovered:
D:1:      kennysheep_arrival_seaside, layout_rooms, xom_teletrap_fun
D:2:      layout_rooms, grunt_temple_overflow_holy_war, marbit_many_paths,
          minmay_goblin_outpost, uniq_sigmund
D:3:      layout_rooms, nicolae_ru_sacrificial_ziggurat, portal_sewer_entry_e
D:4:      cheibrodos_helix_gallery, layout_rooms, first_ration,
          grunt_decor_mini_mirrors
D:5:      layout_rooms, trog_eyes_of_draining
D:6:      layout_loops_ring, kennysheep_okawaru_gauntlet, kennysheep_nub,
          uniq_crazy_yiuf_cottage
D:7:      layout_basic, nemelex_xobeh_ov_fountains_minmay,
          minmay_temple_entry_poolview, enter_bailey_3, uniq_menkaure
Bailey:   bailey_polearm_1, bailey

Skill      XL: |  1  2  3  4  5  6  7  8 |
---------------+-------------------------+-----
Unarmed Combat | 3 4 5 6 7 8 |  8.4
Fighting       | 4 5 6 |  6.7
Dodging        | |  2.6
Stealth        | |  1.7

Action                   |  1- 3 |  4- 6 |  7- 9 || total
-------------------------+-------+-------+-------++-------
Melee: Unarmed           |   122 |   123 |   113 ||   358
       Kick              |    20 |    31 |    41 ||    92
       Punch             |       |     2 |     5 ||     7
       Headbutt          |       |       |    21 ||    21
  Use: Scroll            |     5 |     5 |     5 ||    15
       Potion            |       |     1 |       ||     1
 Stab: Sleeping          |     5 |     1 |     3 ||     9
  Eat: Chunk             |     2 |     7 |     8 ||    17
Armor: Robe              |    10 |     8 |     5 ||    23
       Steam dragon scal |       |       |     2 ||     2
Dodge: Dodged            |    92 |    73 |    64 ||   229

Table legend:
 A = Non-vault XP
 B = Vault XP
 C = Vault XP percentage of total XP
 D = Non-vault monster count
 E = Vault monster count
 F = Vault count percentage of total count
                 A         B        C        D         E       F
            +---------+---------+-------+---------+---------+-------
      Total |    1642 |     433 |  20.9 |     126 |      43 |  25.4
            +---------+---------+-------+---------+---------+-------
        D:1 |      33 |       0 |   0.0 |      18 |       0 |   0.0
        D:2 |      63 |     229 |  78.4 |      23 |       7 |  23.3
        D:3 |      86 |       4 |   4.4 |      24 |       2 |   7.7
        D:4 |     307 |       0 |   0.0 |      17 |       0 |   0.0
        D:5 |     478 |     136 |  22.1 |      21 |       3 |  12.5
        D:6 |     477 |       0 |   0.0 |      15 |       0 |   0.0
        D:7 |     198 |       8 |   3.9 |       8 |       4 |  33.3
      Sewer |       0 |      23 | 100.0 |       0 |      16 | 100.0
     Bailey |       0 |      33 | 100.0 |       0 |      11 | 100.0
            +---------+---------+-------+---------+---------+-------
